 Dungeon Crawl Stone Soup version 0.20-a0-493-g19c8d8d (webtiles) character file.

1320197 murphy the Ninja (level 23, 71/104 HPs)
             Began as a Felid Warper on Jan 14, 2017.
             Was a Follower of Uskayaw.
             Escaped with the Orb
             ... and 3 runes on Jan 16, 2017!
             The game lasted 11:28:55 (99119 turns).

murphy the Ninja (Felid Warper)                    Turns: 99119, Time: 11:28:56

Health: 71/104     AC:  9    Str:  3      XL:     23   Next: 61%
Magic:  26/36      EV: 35    Int: 21 (23) God:    Uskayaw [*.....]
Gold:   965        SH:  0    Dex: 14      Spells: 0/38 levels left
                                        Lives:  0   Deaths: 5

rFire    + . .     SeeInvis +     - Unarmed
rCold    + . .     Gourm    .   (armour unavailable)
rNeg     . . .     Faith    +   (shield unavailable)
rPois    .         Spirit   .   (helmet unavailable)
rElec    .         Reflect  .   (cloak unavailable)
rCorr    .         Harm     .   (gloves unavailable)
MR       +++..     Clarity  +   (boots unavailable)
Stlth    ++++......             F - amulet of faith
Regen    0.3/turn               x - ring of Xom's Wantonness {rF+ Stlth+}
                                j - +6 ring of protection

@: slightly contaminated, repel missiles, quick
A: no armour, no weapons or thrown items, stealth, claws 1, fangs 3, horns 2,
see invisible, berserk 2, carnivore 3, clarity, clumsy 2, speed 1, frail 1,
screaming 2, shaggy fur 3, slow metabolism 1, weak 2, sharp paws
0: Orb of Zot
}: 3/15 runes: decaying, serpentine, abyssal
a: Stomp, Renounce Religion


You escaped.
You worshipped Uskayaw.
Uskayaw was pleased with you.
You were not hungry.

You visited 10 branches of the dungeon, and saw 49 of its levels.
You visited the Abyss 2 times.
You also visited: Labyrinth and Ice Cave.

You collected 8528 gold pieces.
You spent 7563 gold pieces at shops.

Inventory:

Jewellery
 j - a +6 ring of protection (left paw)
 p - a +4 ring of evasion
 u - the amulet of Satisfaction {Gourm rElec Dex+6}
   (You found it on level 3 of the Elven Halls)

   [amulet of the gourmand]

   It allows you to eat raw meat even when not hungry.
   It affects your dexterity (+6).
   It insulates you from electricity.
 x - the ring of Xom's Wantonness (right paw) {rF+ Stlth+}
   (You took it off a vault sentinel on level 1 of the Vaults)

   [ring of stealth]

   It protects you from fire.
   It makes you more stealthy.
 y - an uncursed amulet of regeneration
 A - the ring "Uryast" {*Slow rPois rF+ MP+9 Str+5}
   (You acquired it on level 1 of the Elven Halls)

   [ring of poison resistance]

   It affects your strength (+5).
   It protects you from fire.
   It protects you from poison.
   It affects your magic capacity (+9).
   It may slow you when you take damage.
 F - an amulet of faith (around neck)
 H - the ring "Anoapp" {Int+2 Slay+4}
   (You acquired it on level 3 of the Elven Halls)

   [ring of slaying]

   It affects your intelligence (+2).
   It affects your accuracy and damage with ranged weapons and melee attacks
   (+4).
 P - the ring "Moeczemu" {rC+ MP+9}
   (You found it on level 12 of the Dungeon)

   [ring of magical power]

   It protects you from cold.
   It affects your magic capacity (+9).
 W - an uncursed amulet of rage
 Z - an uncursed ring of protection from fire
Wands
 a - a wand of acid (5/15)
 d - a wand of scattershot (0/9)
 i - a wand of iceblast (10/15)
 E - a wand of acid (0/15)
 I - a wand of enslavement (17/24) {@v5}
 J - a wand of confusion (8/48) {@v1}
 K - a wand of disintegration (7/24)
 R - a wand of digging (10/24) {@v4}
 Y - a wand of clouds (5/9)
Scrolls
 b - 2 scrolls of blinking {@r4}
 c - 4 scrolls of fear {@r5}
 f - 4 scrolls of immolation
 m - 37 scrolls of remove curse {@r2}
 n - 3 scrolls of fog {@r4}
 r - 5 scrolls of identify {@r1}
 X - a scroll of amnesia
Potions
 h - 6 potions of flight
 q - 6 potions of curing {@q1}
 t - a potion of cancellation
 w - a potion of resistance
 B - 7 potions of brilliance
 G - 3 potions of cure mutation
 Q - a potion of might {@q4}
 S - 2 potions of invisibility
 V - 8 potions of lignification
Books
 U - a book of Dreams

   Spells                             Type                      Level
   a - Ensorcelled Hibernation        Hexes/Ice                    2
   b - Silence                        Hexes/Air                    5
   c - Darkness                       Hexes                        6
   d - Shadow Creatures               Summoning                    6
Miscellaneous
 v - a lightning rod (4/4)
 z - a fan of gales
 C - a phial of floods (inert)
 N - a lamp of fire
 T - a crystal ball of energy
Comestibles
 e - 17 meat rations {@e1}
 D - 12 slices of pizza {@e2}


   Skills:
 + Level 19.4 Fighting
 + Level 23.3 Dodging
 O Level 27 Stealth
 - Level 16.3 Unarmed Combat
 - Level 8.1 Spellcasting
 - Level 18.0 Hexes
 - Level 9.0 Charms
   Level 5.2 Summonings
 - Level 3.0 Necromancy
 - Level 14.6 Translocations
 - Level 6.0 Transmutations
 - Level 4.3 Air Magic
 - Level 14.2 Invocations
 - Level 14.0 Evocations


You couldn't memorise any spells.
You knew the following spells:

 Your Spells              Type           Power        Failure   Level  Hunger
a - Confusing Touch       Hex            ######       0%          1    None
b - Shroud of Golubria    Chrm/Tloc      ######....   1%          2    None
c - Confuse               Hex            ######..     0%          3    None
d - Gell's Gravitas       Hex/Tloc       ######....   1%          3    None
e - Animate Skeleton      Necr           N/A          1%          1    None
f - Yara's Violent Unrav  Hex/Tmut       ######....   1%          5    #####..
h - Apportation           Tloc           ######       1%          1    None
i - Invisibility          Hex            ######..     1%          6    ######.
m - Repel Missiles        Chrm/Air       #####.       1%          2    None
p - Passwall              Tmut/Erth      ###.......   3%          2    None
B - Blink                 Tloc           N/A          1%          2    None
M - Metabolic Englaciati  Hex/Ice        #####.....   6%          5    #####..
S - Silence               Hex/Air        ######....   2%          5    #####..


Dungeon Overview and Level Annotations

Branches:
Dungeon (15/15)            Temple (1/1) D:7            Lair (6/6) D:8
  Swamp (4/4) Lair:4        Snake (4/4) Lair:3        Slime (0/5) Lair:6
    Orc (2/2) D:11            Elf (3/3) Orc:2        Vaults (4/5) D:14
  Crypt (0/3) Vaults:2     Depths (5/5) D:15            Zot (5/5) Depths:5

Altars:
Ashenzari
Cheibriados
Dithmenos
Elyvilon
Fedhas
Gozag
Hepliaklqana
Kikubaaqudgha
Makhleb
Nemelex Xobeh
Okawaru
Qazlal
Ru
Sif Muna
Trog
Uskayaw
Vehumet
Xom
Yredelemnul
Zin
The Shining One
Jiyva

Shops:
D:7 [*   D:15 (   Orc:1 :((   Orc:2 (=%   Snake:1 *   Snake:2 (   Snake:3 *
Vaults:1 *   Vaults:2 [   Vaults:4 (   Depths:1 [   Depths:4 }=[

Portals:
Hell: Depths:1 Depths:2 Depths:3 Depths:4 Depths:5
Abyss: Depths:3 Depths:4
Pandemonium: Depths:3
Ziggurat: Depths:4

Annotations:
D:6 exclusions: door and electric eel, Duffy's ghost, novice VSFi
Lair:3 exclusions: 2 killer bees and 1 more exclusion
Elf:2 5 runed doors
Depths:3 exclusions: 2 doors and 2 more exclusions
Depths:4 exclusions: orange crystal statue and 1 more exclusion
Zot:2 exclusion: 3 doors
Zot:4 exclusion: door
Zot:5 exclusion: 3 doors


Innate Abilities, Weirdness & Mutations

You cannot wear armour.
You are incapable of wielding weapons or throwing items.
Your paws allow you to move quietly. (Stealth)
You have sharp claws.
You have razor-sharp teeth.
You have supernaturally acute eyesight. (SInv)
You are carnivorous and can eat meat at any time.
You cover ground quickly.
Your thick and shaggy fur keeps you warm. (AC +3, rC+)
You have a slow metabolism.
Your sharp claws are effective at attacking unaware monsters.
You have a pair of horns on your head.
You possess an exceptional clarity of mind.
You are frail. (-10% HP)
You sometimes yell uncontrollably at your foes.
You are very weak. (Str -4)
[You often lose your temper in combat.]
[You are very clumsy. (Dex -4)]


Message History

The bat completely misses you. x2
The bat misses you.
A sun demon and an infernal demonspawn come into view.
The bat completely misses you. The bat hits you but does no damage.
The bat completely misses you.
Which direction?
The bat completely misses you. The bat closely misses you.
You begin to meditate on the wall.
You continue meditating on the rock.
The bat completely misses you. The bat misses you.
The bat completely misses you.
You continue meditating on the rock.
The bat completely misses you. The bat barely misses you.
You finish merging with the rock.
The bat hits you but does no damage.
There is a staircase leading out of the dungeon here.
You can't go down here!
Unknown command.
The bat completely misses you.
You have escaped!

###...#..##...#
#...####....#.####
..### ######....# ###
####.####### #
#.........#
#.#######.#
#####.#....b#.#
#...#....##.#.#
#.#.#.b@..#.#b#
#.#.##....#...#######
#.#.....#.###.......##
##.#######.#
####.....## #..# #...#
#.......# ##.## #.###
#.......# #..# #.#
#..3.)..## #%## #.###
##.....).. #.# #...#
##)....###


You could see a bat.

Vanquished Creatures
  Mara (Vaults:4)
  4 orbs of fire
  4 ancient liches
  Mennas (Depths:4)
  2 Killer Klowns (Zot:5)
  Bai Suzhen (Snake:4)
  7 golden dragons
  Jory (Vaults:4)
  2 bone dragons (Depths:5)
  Nikola (Depths:3)
  2 electric golems (Zot:5)
  6 tentacled monstrosities
  19 Orb Guardians (Zot:5)
  4 quicksilver dragons
  3 deep elf master archers (Elf:3)
  Frances (D:14)
  3 deep elf blademasters
  4 death cobs
  A tentacled starspawn (Abyss:3)
  3 sphinxes
  Gastronok (Lair:2)
  5 shadow dragons
  8 tengu reavers
  A thorn hunter (Swamp:4)
  A draconian monk (Depths:5)
  6 nagarajas
  10 fire giants
  17 storm dragons
  12 deep elf sorcerers
  3 orc warlords
  2 iron dragons (Depths:2)
  An iron dragon (shapeshifter) (Depths:2)
  A blood saint (D:10)
  4 draconian shifters
  13 vault wardens
  Aizul (Elf:2)
  4 draconian scorchers
  11 frost giants
  2 draconian knights (Zot:2)
  4 ghost moths
  2 deep elf elementalists (Elf:3)
  A draconian stormcaller (Zot:5)
  A draconian annihilator (Zot:5)
  16 ironheart preservers
  A vampire knight (Depths:5)
  A caustic shrike skeleton (Depths:3)
  3 entropy weavers
  8 very ugly things
  2 spriggan defenders (Depths:4)
  5 war gargoyles
  6 green draconians
  Azrael (D:15)
  3 lorocyprocas (Depths:2)
  16 stone giants
  12 red draconians
  2 black draconians
  5 yellow draconians
  11 deep elf annihilators
  8 deep elf demonologists
  A dire elephant (Lair:6)
  5 purple draconians
  6 white draconians
  15 ettins
  2 spark wasps
  7 deep elf death magi (Elf:3)
  8 deep elf high priests
  2 blizzard demons
  2 crystal guardians (Depths:2)
  12 fire dragons
  8 yaktaur captains
  4 rakshasas
  4 ghost crabs
  5 great orbs of eyes
  3 spriggan air magi
  11 naga warriors
  17 vault guards
  11 hydras
  9 ice dragons
  A juggernaut simulacrum (Depths:2)
  2 anacondas
  2 catoblepae
  43 two-headed ogres
  An anaconda (shapeshifter) (Depths:3)
  9 alligators
  A queen ant (shapeshifter) (Depths:2)
  Erica (D:9)
  12 centaur warriors
  A titan zombie (Depths:3)
  3 death knights
  3 deep troll shamans
  An orc high priest (Orc:1)
  A queen ant (Lair:4)
  7 death yaks
  17 ogre magi
  6 deep troll earth magi
  3 tengu warriors
  15 dancing weapons
  A vampire mage (Vaults:3)
  4 spriggan berserkers
  3 thrashing horrors (Abyss:3)
  An iron troll (Depths:1)
  9 shock serpents
  9 naga sharpshooters
  A sun demon (Abyss:3)
  Sonja (D:14)
  A salamander mystic (Snake:4)
  24 deep elf knights
  2 wretched stars (Abyss:3)
  A sixfirhy (Depths:3)
  3 hell knights
  8 flayed ghosts
  2 spriggan druids
  14 deep trolls
  2 shambling mangroves
  3 unseen horrors
  A spatial maelstrom (Abyss:3)
  An infernal demonspawn (D:10)
  3 naga ritualists (Snake:4)
  5 glowing orange brains
  13 wizards
  An orb spider (Abyss:3)
  25 deep elf archers
  17 ironbrand convokers
  A golden dragon skeleton (Depths:3)
  3 harpies (Vaults:4)
  11 orc knights
  9 swamp dragons
  A mana viper (shapeshifter) (Depths:2)
  2 necromancers (Depths:3)
  7 mana vipers
  An orb spider (shapeshifter) (Vaults:2)
  4 phantasmal warriors
  6 wolf spiders
  38 ugly things
  2 orc sorcerers
  8 cyclopes
  70 deep elf magi
  2 worldbinders (Abyss:3)
  A manticore (D:15)
  8 salamanders
  A frost giant zombie (Depths:3)
  6 centaur zombies
  18 black mambas
  9 moths of wrath
  An elephant (Lair:6)
  2 apocalypse crabs (Abyss:3)
  4 ice statues
  17 naga magi
  2 smoke demons (Abyss:3)
  An eye of devastation (shapeshifter) (Vaults:2)
  20 vault sentinels
  3 gargoyles
  12 spiny frogs
  7 guardian serpents
  A torpor snail (Lair:2)
  2 orange demons
  A centaur skeleton (D:14)
  3 freezing wraiths
  3 efreet
  24 yaktaurs
  A rime drake (Swamp:4)
  A catoblepas skeleton (Abyss:3)
  A red devil (Depths:3)
  A demonic crawler (D:10)
  A kobold demonologist (D:15)
  2 komodo dragons (shapeshifter)
  5 komodo dragons
  An ancient zyme (Abyss:3)
  An ice devil (D:15)
  4 tengu conjurers
  A wind drake (shapeshifter) (Elf:3)
  A silent spectre (Abyss:3)
  8 trolls
  A troll (shapeshifter) (D:15)
  4 polar bears
  14 ice beasts
  A jumping spider (Vaults:2)
  A hornet (shapeshifter) (Vaults:4)
  8 raiju (Abyss:3)
  13 hornets
  39 slime creatures
  A tengu simulacrum (Vaults:4)
  6 tyrant leeches
  7 hippogriffs
  A raiju (shapeshifter) (Depths:5)
  8 blink frogs
  An ettin zombie (Depths:3)
  A meliai zombie (D:15)
  9 bog bodies
  3 flying skulls (Abyss:3)
  An ettin skeleton (Abyss:3)
  5 water elementals
  5 redbacks
  5 spriggans
  3 wyverns
  5 air elementals
  33 yaks
  2 shadows
  A ynoxinul (Depths:3)
  3 wraiths
  26 vampire mosquitoes
  A yak (shapeshifter) (Depths:4)
  6 hungry ghosts
  4 small abominations (Abyss:3)
  A steam dragon (D:13)
  A golden eye (shapeshifter) (Vaults:1)
  3 golden eyes (Abyss:3)
  27 fire elementals
  A harpy simulacrum (D:14)
  8 insubstantial wisps
  3 large abominations (Abyss:3)
  9 wargs
  6 acid dragons
  A soldier ant (shapeshifter) (Vaults:1)
  7 soldier ants (Lair:4)
  51 nagas
  16 swamp worms
  15 water moccasins
  A floating eye (Abyss:3)
  3 porcupines
  3 hell hounds (D:15)
  60 orc warriors
  A floating eye (shapeshifter) (Depths:3)
  An eye of draining (D:14)
  2 black bears (Lair:2)
  A phantom (D:13)
  16 swamp drakes
  6 sky beasts
  6 boggarts
  A necrophage (D:12)
  6 wolves (Lair:6)
  17 centaurs
  47 ogres
  10 crocodiles
  2 big kobolds
  9 bullfrogs
  6 earth elementals
  A wyvern zombie (D:8)
  3 wyvern skeletons
  4 scorpions
  4 killer bees
  5 wights (D:15)
  2 howler monkeys
  12 crimson imps
  25 orc priests
  2 bullfrog skeletons
  10 hounds
  2 human simulacra (Vaults:3)
  A jelly (D:9)
  11 worker ants
  4 iguanas
  38 orc wizards
  3 hell rats (Lair:5)
  12 gnolls
  A howler monkey skeleton (D:10)
  17 adders
  7 shadow imps
  5 white imps
  An ufetubus (Vaults:4)
  An adder zombie (D:5)
  2 worms
  A dart slug (D:3)
  7 leopard geckos
  118 orcs
  4 ball pythons
  A giant cockroach (D:2)
  12 goblins
  7 hobgoblins
  19 jackals
  4 quokkas
  7 bats
  9 frilled lizards
  15 kobolds
  A leopard gecko skeleton (D:4)
  A leopard gecko zombie (D:9)
  4 quokka skeletons
  A quokka zombie (D:9)
  11 rats
  3 briar patches (Abyss:3)
  2 crawling corpses (Elf:3)
  A snaplasher vine (Snake:4)
  2 starspawn tentacles (Abyss:3)
2004 creatures vanquished.

Vanquished Creatures (collateral kills)
  A juggernaut (Depths:4)
  An ancient lich (Zot:5)
  A caustic shrike (Depths:4)
  2 tentacled monstrosities
  2 liches
  An Orb Guardian (Zot:5)
  2 titans
  2 tentacled starspawn (Abyss:3)
  Agnes (Elf:2)
  A shadow dragon (Zot:5)
  A thorn hunter (Abyss:3)
  2 nagarajas (Snake:4)
  A tengu reaver (Depths:4)
  2 fire giants
  An ironheart preserver (Vaults:2)
  A vault warden (Vaults:1)
  5 stone giants
  2 deep elf elementalists
  A spriggan defender (Depths:3)
  A vampire knight (Depths:3)
  An entropy weaver (Lair:4)
  A yaktaur captain (Vaults:3)
  A great orb of eyes (Depths:3)
  2 vault guards
  An ice dragon (Depths:3)
  A rakshasa (Vaults:1)
  7 hydras
  A naga warrior (Snake:4)
  Fannar (Lair:3)
  A ghost crab (Swamp:2)
  2 dancing weapons
  An ogre mage (Vaults:2)
  A death yak (Lair:6)
  2 naga sharpshooters (Snake:4)
  6 slime creatures
  A spriggan druid (Swamp:4)
  A shambling mangrove (Swamp:4)
  5 swamp dragons (Swamp:4)
  A glowing orange brain (Vaults:3)
  A harpy (Vaults:4)
  2 ironbrand convokers
  A large abomination (Abyss:3)
  An ugly thing (D:13)
  2 deep elf magi (Elf:2)
  A shining eye (shapeshifter) (Depths:5)
  2 elephants (Lair:6)
  3 black mambas (Snake:4)
  3 smoke demons (Abyss:3)
  4 spiny frogs
  A redback zombie (D:13)
  2 rime drakes (Swamp:4)
  A tengu conjurer (Depths:4)
  A tyrant leech (Swamp:1)
  A troll (shapeshifter) (Depths:2)
  3 hornets
  A raiju (shapeshifter) (Depths:3)
  A meliai zombie (D:15)
  2 spriggans (Swamp:4)
  7 yaks
  2 basilisks
  2 fire elementals (Zot:4)
  5 vampire mosquitoes
  A neqoxec (Abyss:3)
  8 soldier ants (Lair:4)
  2 swamp worms (Swamp:4)
  9 nagas
  An acid dragon (Vaults:2)
  3 insubstantial wisps
  2 water moccasins
  5 swamp drakes
  A sky beast (D:13)
  2 orc warriors
  An ogre (Vaults:2)
  5 wolves (Lair:6)
  A centaur (D:12)
  2 crocodiles
  A wyvern skeleton (D:13)
  A jelly (D:9)
  An orc priest (D:9)
  2 orc wizards
  A hell rat (Lair:6)
  8 worker ants (Lair:4)
  A worker ant (shapeshifter) (Depths:3)
  A shadow imp (Zot:3)
  A white imp (Zot:4)
  2 leopard geckos
  5 orcs
  2 kobolds (D:9)
  A quokka skeleton (D:4)
  9 briar patches (Swamp:4)
  A fungus (Lair:6)
  2 plants
  2 starspawn tentacles (Abyss:3)
201 creatures vanquished.

Vanquished Creatures (others)
  A death cob (Zot:5)
  2 vault wardens
  A deep elf elementalist (Elf:3)
  A deep elf death mage (Elf:3)
  A hydra (D:14)
  A deep troll shaman (Lair:6)
  3 two-headed ogres
  An alligator (Swamp:4)
  A deep elf knight (Elf:3)
  A deep elf mage (Elf:3)
  An ugly thing (Vaults:3)
  A salamander (Snake:4)
  A black mamba (Lair:6)
  A naga mage (Snake:4)
  A hornet (D:9)
  A raiju (Abyss:3)
  2 hippogriffs
  A spriggan (Swamp:2)
  A warg (D:8)
  A swamp worm (Swamp:1)
  A floating eye (shapeshifter) (D:15)
  A centaur (Orc:2)
  An ogre (D:8)
  A gnoll sergeant (D:4)
  A killer bee (D:9)
  2 orc priests
  An iguana (D:4)
  A gnoll (D:4)
  An orc (Orc:2)
  A briar patch (Abyss:3)
  4 bushes (D:14)
  18 fungi
  8 plants
  10 snaplasher vines
  8 starspawn tentacles (Abyss:3)
83 creatures vanquished.

Grand Total: 2288 creatures vanquished

Notes
Turn   | Place    | Note
-------+----------+-------------------------------------------
     0 | D:1      | murphy the Felid Warper began the quest for the Orb.
     0 | D:1      | Reached XP level 1. HP: 9/9 MP: 4/4
   169 | D:1      | Reached skill level 1 in Stealth
   201 | D:1      | Reached skill level 2 in Stealth
   532 | D:1      | Reached XP level 2. HP: 10/13 MP: 6/6
   680 | D:1      | Learned a level 2 spell: Blink
   683 | D:1      | Learned a level 2 spell: Shroud of Golubria
  1018 | D:1      | Reached skill level 3 in Stealth
  1998 | D:2      | Reached skill level 1 in Charms
  2068 | D:1      | Reached XP level 3. HP: 14/16 MP: 5/7
  3269 | D:2      | Reached skill level 4 in Stealth
  3323 | D:2      | Found a basalt altar of Yredelemnul.
  3970 | D:3      | Found a snail-covered altar of Cheibriados.
  4334 | D:5      | Entered Level 5 of the Dungeon
  4356 | D:5      | Reached XP level 4. HP: 4/19 MP: 2/8
  4379 | D:5      | Learned a level 3 spell: Teleport Other
  4631 | D:5      | Found a white marble altar of Elyvilon.
  4634 | D:5      | Became a worshipper of Elyvilon the Healer
  6391 | D:3      | Reached XP level 5. HP: 23/23 MP: 6/9
  6473 | D:3      | Found a shimmering altar of Xom.
  6630 | D:2      | Reached skill level 5 in Stealth
  7691 | D:3      | Reached * piety under Elyvilon
  8083 | D:3      | Reached skill level 1 in Invocations
  8479 | D:4      | Gained mutation: You are covered in thick fur. (AC +2) [Felid growth]
  8479 | D:4      | Reached XP level 6. HP: 17/28 MP: 6/10
  8847 | D:6      | Found a shattered altar of Ashenzari.
  9121 | D:6      | Reached skill level 6 in Stealth
  9397 | D:6      | Found a radiant altar of Vehumet.
  9467 | D:6      | Noticed Duffy's ghost (novice VSFi)
  9813 | D:6      | Noticed a sky beast
 10375 | D:7      | Reached ** piety under Elyvilon
 10382 | D:7      | Found Qemaicun's Antique Armour Emporium.
 10422 | D:7      | Noticed a sky beast
 10438 | D:7      | Noticed a gargoyle
 10631 | D:7      | Killed from afar by a gargoyle
 10632 | D:7      | Reached XP level 5. HP: -1/25 MP: 3/9
 10635 | D:7      | Killed a gargoyle
 10635 | D:7      | Reached skill level 7 in Stealth
 10635 | D:7      | Reached XP level 6. HP: 29/29 MP: 10/10
 10635 | D:7      | Reached XP level 7. HP: 33/33 MP: 11/11
 10673 | D:7      | Found a staircase to the Ecumenical Temple.
 10682 | Temple   | Entered the Ecumenical Temple
 10726 | Temple   | Fell from the grace of Elyvilon
 10726 | Temple   | Became a worshipper of Uskayaw the Reveler
 10830 | D:7      | Found Opiq's General Store.
 10838 | D:7      | Bought a potion of brilliance for 40 gold pieces
 10838 | D:7      | Bought a scroll of identify for 20 gold pieces
 10838 | D:7      | Bought a scroll of teleportation for 30 gold pieces
 10838 | D:7      | Bought a wand of enslavement (15/24) for 170 gold pieces
 10838 | D:7      | Bought a scroll of immolation for 35 gold pieces
 10841 | D:7      | Learned a level 2 spell: Passwall
 10872 | D:7      | Reached * piety under Uskayaw
 10933 | D:7      | Reached ** piety under Uskayaw
 10989 | D:7      | Reached *** piety under Uskayaw
 10990 | D:7      | Reached skill level 5 in Fighting
 11064 | D:7      | Reached skill level 8 in Stealth
 11064 | D:7      | Reached skill level 5 in Unarmed Combat
 11324 | D:7      | Learned a level 1 spell: Sandblast
 11991 | D:3      | Reached skill level 1 in Evocations
 13051 | D:9      | Noticed Erica
 13182 | D:9      | Reached XP level 8. HP: 38/38 MP: 12/12
 13322 | D:9      | Reached skill level 9 in Stealth
 13396 | D:9      | Noticed a two-headed ogre
 13446 | D:10     | Entered Level 10 of the Dungeon
 13488 | D:9      | Noticed a hornet
 13535 | D:8      | Noticed a hippogriff
 13543 | D:8      | Upgraded the game from 0.20-a0-472-g5c05303 to 0.20-a0-492-g6327889
 13611 | D:8      | Reached **** piety under Uskayaw
 13615 | D:8      | Reached ***** piety under Uskayaw
 13627 | D:8      | Found a staircase to the Lair.
 13885 | D:6      | Reached skill level 10 in Stealth
 14509 | D:4      | Reached XP level 9. HP: 42/42 MP: 13/13
 15449 | D:7      | Bought a scroll of teleportation for 30 gold pieces
 16488 | D:10     | Reached skill level 5 in Dodging
 16565 | D:10     | Reached skill level 11 in Stealth
 17041 | D:10     | Reached XP level 10. HP: 43/48 MP: 6/14
 17595 | D:11     | Noticed a wizard
 17596 | D:11     | Noticed a wizard
 17714 | D:11     | Found a labyrinth entrance.
 17729 | D:11     | Noticed a wizard
 17748 | Lab      | Entered a labyrinth
 18101 | Lab      | Noticed a minotaur
 18136 | Lab      | Identified Kicimoigunn's Handbook of Protection
 18139 | Lab      | Identified the Catalogue of the Blowfly
 18146 | Lab      | Identified the Tome of Displacement
 18154 | Lab      | Learned a level 1 spell: Animate Skeleton
 18157 | Lab      | Learned a level 2 spell: Repel Missiles
 18195 | D:11     | Noticed a white ugly thing
 18201 | D:11     | Noticed a wizard
 18329 | D:8      | Slain by an ice beast
 18330 | D:8      | Reached XP level 9. HP: 0/44 MP: 9/13
 18519 | D:8      | Reached skill level 12 in Stealth
 18999 | Lair:1   | Entered Level 1 of the Lair of Beasts
 19044 | Lair:1   | Noticed a black mamba
 19049 | Lair:1   | Killed a black mamba
 19277 | Lair:1   | Reached XP level 10. HP: 38/49 MP: 12/14
 19600 | Lair:1   | Noticed a black mamba
 19694 | Lair:1   | Noticed a black mamba
 19835 | Lair:2   | Noticed a death yak
 19851 | Lair:2   | Noticed a death yak
 19854 | Lair:2   | Noticed a torpor snail
 19901 | Lair:3   | Noticed Fannar
 19904 | Lair:3   | Found a staircase to the Snake Pit.
 20286 | Lair:3   | Noticed a black mamba
 20509 | Lair:2   | Noticed Gastronok
 20600 | Lair:1   | Killed a black mamba
 20677 | Lair:1   | Noticed a spiny frog
 20684 | Lair:1   | Killed a spiny frog
 20697 | Lair:1   | Noticed a spiny frog
 20712 | Lair:1   | Killed a spiny frog
 20712 | Lair:1   | Reached skill level 13 in Stealth
 21168 | Lair:3   | Killed Fannar
 21317 | Lair:3   | Noticed a spiny frog
 21804 | Lair:4   | Found a staircase to the Swamp.
 22193 | Lair:4   | Reached XP level 11. HP: 37/53 MP: 13/15
 23006 | Lair:5   | Reached skill level 5 in Evocations
 23398 | Lair:5   | Noticed a five-headed hydra
 23405 | Lair:5   | Killed a five-headed hydra
 23908 | Lair:6   | Entered Level 6 of the Lair of Beasts
 24364 | Lair:6   | Noticed a catoblepas
 24364 | Lair:6   | Noticed a death yak
 24364 | Lair:6   | Noticed a death yak
 24364 | Lair:6   | Noticed a death yak
 24364 | Lair:6   | Noticed a death yak
 24364 | Lair:6   | Noticed a death yak
 24364 | Lair:6   | Noticed a death yak
 24389 | Lair:6   | Killed a death yak
 24400 | Lair:6   | Killed a death yak
 24400 | Lair:6   | Reached skill level 10 in Fighting
 24400 | Lair:6   | Reached skill level 10 in Unarmed Combat
 24400 | Lair:6   | Reached skill level 5 in Invocations
 24406 | Lair:6   | Killed a death yak
 24409 | Lair:6   | Killed a death yak
 24409 | Lair:6   | Reached skill level 10 in Dodging
 24409 | Lair:6   | Gained mutation: Your thick and shaggy fur keeps you warm. (AC +3, rC+) [Felid growth]
 24409 | Lair:6   | Reached XP level 12. HP: 36/58 MP: 18/18
 24434 | Lair:6   | Killed a death yak
 24445 | Lair:6   | Killed a death yak
 24473 | Lair:6   | Found a staircase to the Slime Pits.
 24474 | Lair:6   | Found a viscous altar of Jiyva.
 24598 | Lair:6   | Noticed a five-headed hydra
 24607 | Lair:6   | Killed a five-headed hydra
 24691 | Lair:6   | Killed a catoblepas
 25093 | Lair:6   | Noticed a deep troll shaman
 25103 | Lair:6   | Noticed a dire elephant
 25166 | Lair:6   | Killed a dire elephant
 25660 | Lair:4   | Noticed an entropy weaver
 26035 | D:9      | Killed Erica
 26129 | D:9      | Killed a two-headed ogre
 26895 | D:11     | Found a staircase to the Orcish Mines.
 27180 | D:11     | Reached XP level 13. HP: 63/63 MP: 19/19
 27886 | Orc:1    | Entered Level 1 of the Orcish Mines
 28045 | Orc:1    | Found Pyiroz's Book Boutique.
 28091 | Orc:1    | Bought a book of Misfortune for 220 gold pieces
 28096 | Orc:1    | Learned a level 3 spell: Gell's Gravitas
 28252 | D:12     | Learned a level 1 spell: Confusing Touch
 28891 | D:12     | Got a brightly glowing ivory ring
 28893 | D:12     | Identified the ring "Moeczemu" {rC+ MP+9} (You found it on level 12 of the Dungeon)
 28901 | D:12     | Learned a level 3 spell: Confuse
 28966 | D:12     | Reached skill level 1 in Hexes
 29540 | D:13     | Reached skill level 5 in Hexes
 30196 | D:13     | Reached skill level 5 in Translocations
 30885 | D:14     | Found a blossoming altar of Fedhas.
 30904 | D:14     | Reached skill level 1 in Necromancy
 30933 | D:14     | Noticed Frances
 31150 | D:14     | Found a frozen archway.
 31155 | IceCv    | Entered an ice cave
 31837 | D:14     | Found a gate to the Vaults.
 31952 | D:15     | Entered Level 15 of the Dungeon
 32019 | D:15     | Noticed Azrael
 32019 | D:15     | Reached XP level 14. HP: 67/67 MP: 21/21
 32077 | D:15     | Reached skill level 1 in Air Magic
 32113 | D:15     | Killed Azrael
 32135 | D:15     | Reached skill level 10 in Hexes
 33111 | D:15     | Found a staircase to the Depths.
 33321 | D:15     | Reached skill level 1 in Transmutations
 33454 | D:15     | Found Kasuxt's Antique Weapon Boutique.
 33601 | D:14     | Learned a level 5 spell: Yara's Violent Unravelling
 34100 | Orc:1    | Found Xoqiuwoarr's Antique Weapon Shop.
 34130 | Orc:1    | Found Cahuk's Weapon Shoppe.
 34315 | Orc:1    | Noticed an orc warlord
 34352 | Orc:1    | Killed an orc warlord
 34674 | Orc:2    | Entered Level 2 of the Orcish Mines
 34783 | Orc:2    | Reached skill level 5 in Transmutations
 35193 | Orc:2    | Found a staircase to the Elven Halls.
 35368 | Orc:2    | Noticed an orc warlord
 35381 | Orc:2    | Killed an orc warlord
 36152 | Orc:2    | Found Vaogut Kafu's Distillery.
 36152 | Orc:2    | Found Litiluh's Jewellery Emporium.
 36154 | Orc:2    | Found Sezerroq's Food Shoppe.
 36156 | Orc:2    | Found Umanlul's Antique Weapon Shop.
 36160 | Orc:2    | Bought 2 potions of cancellation for 192 gold pieces
 36160 | Orc:2    | Bought a potion of magic for 96 gold pieces
 36174 | Orc:2    | Bought a potion of curing for 36 gold pieces
 36174 | Orc:2    | Bought a potion of heal wounds for 60 gold pieces
 36174 | Orc:2    | Bought a potion of curing for 36 gold pieces
 36174 | Orc:2    | Bought a potion of heal wounds for 60 gold pieces
 36174 | Orc:2    | Bought 2 potions of brilliance for 96 gold pieces
 36174 | Orc:2    | Bought 2 potions of brilliance for 96 gold pieces
 36174 | Orc:2    | Bought a potion of ambrosia for 96 gold pieces
 36174 | Orc:2    | Bought a potion of resistance for 120 gold pieces
 36174 | Orc:2    | Bought a potion of flight for 36 gold pieces
 36174 | Orc:2    | Bought a potion of agility for 48 gold pieces
 36174 | Orc:2    | Bought a potion of curing for 36 gold pieces
 36174 | Orc:2    | Bought a potion of haste for 120 gold pieces
 36174 | Orc:2    | Bought a potion of might for 48 gold pieces
 36824 | Orc:2    | Noticed an orc warlord
 37021 | Orc:2    | Killed an orc warlord
 37832 | Lair:2   | Killed Gastronok
 37832 | Lair:2   | Reached skill level 14 in Stealth
 37832 | Lair:2   | Reached XP level 15. HP: 72/72 MP: 17/22
 38232 | Swamp:1  | Entered Level 1 of the Swamp
 38412 | Swamp:1  | Paralysed by a hornet for 2 turns
 39715 | Swamp:2  | Gained mutation: You are frail. (-10% HP) [potion of mutation]
 39715 | Swamp:2  | Gained mutation: You possess an exceptional clarity of mind. [potion of mutation]
 39715 | Swamp:2  | Gained mutation: You have a pair of small horns on your head. [potion of mutation]
 39716 | Swamp:2  | Lost mutation: You have a pair of small horns on your head. [potion of mutation]
 39716 | Swamp:2  | Gained mutation: Your spells are a little harder to cast, but a little more powerful. [potion of mutation]
 39716 | Swamp:2  | Lost mutation: You are frail. (-10% HP) [potion of mutation]
 39921 | Swamp:2  | Reached skill level 5 in Charms
 40538 | Swamp:2  | Reached skill level 5 in Spellcasting
 40762 | D:9      | Learned a level 5 spell: Summon Forest
 40984 | Swamp:2  | Reached skill level 1 in Summonings
 42158 | Swamp:3  | Reached skill level 10 in Translocations
 42210 | Swamp:3  | Reached skill level 5 in Summonings
 43368 | Swamp:4  | Entered Level 4 of the Swamp
 44411 | Swamp:4  | Noticed a thorn hunter
 44544 | Swamp:4  | Got a decaying rune of Zot
 44554 | Swamp:4  | Reached XP level 16. HP: 76/76 MP: 11/24
 44800 | Swamp:4  | HP: 3/76 [shambling mangrove (38)]
 45125 | Swamp:4  | Killed a thorn hunter
 45280 | Swamp:4  | Slain by a seven-headed hydra
 45281 | Swamp:4  | Reached XP level 15. HP: -3/72 MP: 12/23
 46525 | D:14     | Noticed Sonja
 46536 | D:14     | Killed Sonja
 46764 | D:14     | Gained mutation: You have a pair of small horns on your head. [a neqoxec]
 46767 | D:14     | Killed Frances
 46941 | Vaults:1 | Entered Level 1 of the Vaults
 47658 | Vaults:1 | Noticed a vault warden
 47658 | Vaults:1 | Noticed a vault warden
 47695 | Vaults:1 | Noticed a vault warden
 47710 | Vaults:1 | Killed a vault warden
 47728 | Vaults:1 | Killed a vault warden
 47814 | Vaults:1 | Reached skill level 15 in Hexes
 48076 | Vaults:1 | Reached skill level 15 in Stealth
 48080 | Vaults:1 | Gained mutation: You have a pair of horns on your head. [potion of beneficial mutation]
 48081 | Vaults:1 | Gained mutation: You are robust. (+10% HP) [potion of beneficial mutation]
 48265 | Vaults:1 | Got a faintly glowing steel ring
 48385 | Vaults:1 | Reached XP level 16. HP: 83/83 MP: 24/24
 48595 | D:15     | Identified the ring of Xom's Wantonness {rF+ Stlth+} (You took it off a vault sentinel on level 1 of the Vaults)
 48761 | Orc:1    | Bought a book of Burglary for 825 gold pieces
 48768 | Orc:1    | Learned a level 6 spell: Invisibility
 48832 | Elf:1    | Entered Level 1 of the Elven Halls
 50246 | Elf:1    | Reached ****** piety under Uskayaw
 50752 | Elf:2    | Noticed Agnes
 51088 | Elf:2    | Noticed Aizul
 52224 | Vaults:1 | Reached skill level 16 in Stealth
 52315 | Vaults:1 | Found Geeherghate's Assorted Antiques.
 52335 | Vaults:1 | Bought a box of beasts for 580 gold pieces
 52335 | Vaults:1 | Bought a runed iron wand for 116 gold pieces
 53073 | Vaults:2 | Reached XP level 17. HP: 89/89 MP: 19/25
 53079 | Vaults:2 | Reached skill level 10 in Invocations
 53319 | Vaults:2 | Found a staircase to the Crypt.
 53671 | Vaults:2 | Found Guxeulo's Antique Armour Shop.
 53804 | Vaults:2 | HP: 4/89 [stone giant (27)]
 54594 | Vaults:2 | Reached skill level 10 in Evocations
 54604 | Vaults:2 | Reached skill level 17 in Stealth
 56719 | Vaults:3 | Reached XP level 18. HP: 67/94 MP: 25/27
 57142 | Vaults:3 | Reached skill level 15 in Dodging
 57511 | Vaults:3 | Reached skill level 18 in Stealth
 57562 | Vaults:3 | Identified a scroll of acquirement
 58015 | Vaults:3 | Noticed a lich
 58222 | Vaults:3 | Noticed Mara
 58255 | Vaults:3 | Killed a lich
 58292 | Vaults:3 | Noticed a tentacled monstrosity
 58856 | Vaults:3 | HP: 4/95 [fire giant/fireball (17)]
 59398 | Vaults:4 | Reached skill level 19 in Stealth
 59429 | Vaults:4 | Found Zeemen's Weapon Boutique.
 59537 | Vaults:4 | Killed Mara
 59777 | Vaults:4 | Reached XP level 19. HP: 83/100 MP: 21/28
 61355 | Vaults:4 | Noticed Jory
 61389 | Vaults:4 | Killed Jory
 61513 | Vaults:4 | Reached skill level 20 in Stealth
 62684 | Elf:1    | Learned a level 2 spell: Passwall
 62903 | Elf:3    | Entered Level 3 of the Elven Halls
 64031 | Vaults:3 | Learned a level 5 spell: Silence
 64035 | Vaults:3 | Upgraded the game from 0.20-a0-492-g6327889 to 0.20-a0-493-g19c8d8d
 64173 | Vaults:1 | Bought a scroll of teleportation for 87 gold pieces
 64173 | Vaults:1 | Bought a scroll labeled VEAWAA SALOIDOEMP for 29 gold pieces
 64173 | Vaults:1 | Bought a potion of heal wounds for 145 gold pieces
 64173 | Vaults:1 | Bought a potion of magic for 232 gold pieces
 64591 | Elf:2    | Killed Agnes
 64870 | Elf:2    | Killed Aizul
 65012 | Elf:2    | Identified Sif Muna's Incunabulum of the Assistive Entourage
 65496 | Elf:2    | Found a huge runed gate.
 65496 | Elf:2    | Found a huge runed gate.
 65500 | Elf:2    | Found a huge runed gate.
 65504 | Elf:2    | Found a huge runed gate.
 65504 | Elf:2    | Found a huge runed gate.
 66058 | Elf:3    | Reached XP level 20. HP: 92/105 MP: 31/31
 68261 | Elf:3    | Identified the Handbook of Snow
 68782 | Elf:3    | Reached skill level 21 in Stealth
 69056 | Elf:3    | Got a wavering garnet amulet
 69057 | Elf:3    | Identified the amulet of Satisfaction {Gourm rElec Dex+6} (You found it on level 3 of the Elven Halls)
 69093 | Elf:3    | Learned a level 1 spell: Beastly Appendage
 69127 | Elf:3    | Reached skill level 15 in Unarmed Combat
 69542 | Depths:1 | Entered Level 1 of the Depths
 69814 | Depths:1 | Found Yfipaxt's Antique Armour Shoppe.
 70680 | Depths:1 | Found a gateway to Hell.
 71155 | Depths:1 | Reached skill level 15 in Fighting
 71155 | Depths:1 | Reached XP level 21. HP: 108/110 MP: 5/32
 73165 | Depths:2 | Reached skill level 22 in Stealth
 73922 | Vaults:1 | Bought a thin cameo amulet for 145 gold pieces
 74207 | Orc:2    | Bought a +1 ring of slaying for 90 gold pieces
 74208 | Orc:2    | Bought an uncursed amulet of guardian spirit for 450 gold pieces
 74211 | Orc:2    | Bought a +5 ring of strength for 618 gold pieces
 74211 | Orc:2    | Bought a cursed ring of loudness for 67 gold pieces
 74213 | Orc:2    | Bought an uncursed amulet of magic regeneration for 450 gold pieces
 74285 | Elf:1    | Got a wavering bronze ring
 74287 | Elf:1    | Identified the ring "Uryast" {*Slow rPois rF+ MP+9 Str+5} (You acquired it on level 1 of the Elven Halls)
 74394 | Elf:3    | Got a vibrating platinum ring
 74396 | Elf:3    | Identified the ring "Anoapp" {Int+2 Slay+4} (You acquired it on level 3 of the Elven Halls)
 74956 | Depths:3 | Noticed a golden dragon
 74956 | Depths:3 | Noticed a caustic shrike
 75058 | Depths:3 | Found a one-way gate leading to the halls of Pandemonium.
 75332 | Depths:3 | Found a one-way gate to the infinite horrors of the Abyss.
 75405 | Depths:3 | Noticed Nikola
 75425 | Depths:3 | Killed Nikola
 76666 | Depths:3 | Reached XP level 22. HP: 115/115 MP: 11/33
 76841 | Depths:4 | Noticed a juggernaut
 76855 | Depths:4 | Killed a juggernaut
 76856 | Depths:4 | Noticed Mennas
 76862 | Depths:4 | Killed Mennas
 77182 | Depths:4 | Found Poukeidgh's Gadget Boutique.
 77186 | Depths:4 | Found Diulac's Jewellery Shop.
 77187 | Depths:4 | Found Pudi's Armour Boutique.
 77190 | Depths:4 | Bought a sack of spiders for 300 gold pieces
 77190 | Depths:4 | Bought a box of beasts for 300 gold pieces
 77389 | Depths:4 | Found a gateway to a ziggurat.
 77732 | Depths:4 | Noticed a caustic shrike
 77746 | Depths:4 | Killed a caustic shrike
 78021 | Depths:5 | Entered Level 5 of the Depths
 78240 | Depths:5 | Noticed a golden dragon
 78290 | Depths:5 | Killed a golden dragon
 78993 | Depths:5 | Reached skill level 23 in Stealth
 79024 | Depths:5 | Found a gate to the Realm of Zot.
 79970 | Snake:1  | Entered Level 1 of the Snake Pit
 80261 | D:9      | Learned a level 5 spell: Summon Forest
 80703 | Snake:1  | Found Eraiqok's Assorted Antiques.
 80708 | Snake:1  | Bought a potion of curing for 90 gold pieces
 80739 | Snake:1  | Found a glowing silver altar of Zin.
 81202 | Snake:2  | Found Cireles's Antique Weapon Shoppe.
 82572 | Snake:3  | Found Xaewu's Assorted Antiques.
 82580 | Snake:3  | Bought a fizzy green potion for 34 gold pieces
 82581 | Snake:3  | Bought a potion of cancellation for 304 gold pieces
 82581 | Snake:3  | Bought a box of beasts for 760 gold pieces
 83146 | Snake:4  | Entered Level 4 of the Snake Pit
 84114 | Snake:4  | Reached XP level 23. HP: 119/119 MP: 20/36
 84314 | Snake:4  | Noticed Bai Suzhen
 84350 | Snake:4  | Killed Bai Suzhen
 85745 | Snake:4  | Got a serpentine rune of Zot
 86148 | Lair:6   | Learned a level 4 spell: Passage of Golubria
 86415 | Orc:1    | Bought a book of Cantrips for 220 gold pieces
 86417 | Orc:1    | Learned a level 1 spell: Apportation
 86628 | Depths:3 | Voluntarily entered the Abyss.
 86628 | Abyss:1  | Found a corrupted altar of Lugonu.
 86713 | Abyss:3  | Found a corrupted altar of Lugonu.
 87024 | Abyss:3  | Found a corrupted altar of Lugonu.
 87115 | Abyss:3  | Reached skill level 24 in Stealth
 87164 | Abyss:3  | Found a corrupted altar of Lugonu.
 87762 | Depths:3 | Escaped the Abyss
 87879 | Depths:3 | Voluntarily entered the Abyss.
 88067 | Abyss:3  | Found a corrupted altar of Lugonu.
 88277 | Abyss:3  | Found a corrupted altar of Lugonu.
 88626 | Abyss:3  | Reached skill level 25 in Stealth
 88629 | Abyss:3  | Got an abyssal rune of Zot
 88769 | Abyss:3  | Noticed an ancient lich
 88807 | Abyss:3  | Killed an ancient lich
 88813 | Depths:3 | Escaped the Abyss
 89648 | D:14     | Learned a level 5 spell: Metabolic Englaciation
 89869 | Zot:1    | Entered Level 1 of the Realm of Zot
 90225 | Zot:2    | Reached skill level 26 in Stealth
 90956 | Zot:4    | Reached skill level 27 in Stealth
 90956 | Zot:4    | Reached XP level 24. HP: 98/125 MP: 19/36
 91182 | Zot:4    | Noticed an orb of fire
 91183 | Zot:4    | Killed an orb of fire
 91200 | Zot:4    | Noticed an orb of fire
 91212 | Zot:4    | Killed an orb of fire
 91386 | Zot:5    | Entered Level 5 of the Realm of Zot
 92811 | Vaults:3 | Learned a level 6 spell: Darkness
 93509 | Zot:5    | Noticed an ancient lich
 93513 | Zot:5    | Killed an ancient lich
 93706 | Zot:5    | Noticed an orb of fire
 93713 | Zot:5    | Noticed an orb of fire
 93713 | Zot:5    | Noticed an orb of fire
 93732 | Zot:5    | Mangled by an Orb Guardian
 93733 | Zot:5    | Reached XP level 23. HP: -10/123 MP: 25/36
 94013 | Zot:5    | Noticed an ancient lich
 94013 | Zot:5    | Noticed an ancient lich
 94371 | Zot:5    | Killed an ancient lich
 96188 | Vaults:3 | Learned a level 5 spell: Silence
 96790 | Zot:4    | Killed an ancient lich
 96950 | Zot:5    | Noticed a Killer Klown
 97202 | Zot:5    | Reached XP level 24. HP: 129/129 MP: 19/36
 97245 | Zot:5    | Noticed an orb of fire
 97292 | Zot:5    | Noticed an orb of fire
 97296 | Zot:5    | Killed an orb of fire
 97358 | Zot:5    | Gained mutation: You are weak. (Str -2) [a Zot trap]
 97369 | Zot:5    | Gained mutation: You occasionally shout uncontrollably at your foes. [an orb of fire]
 97373 | Zot:5    | Lost mutation: Your spells are a little harder to cast, but a little more powerful. [an orb of fire]
 97374 | Zot:5    | Lost mutation: You are robust. (+10% HP) [an orb of fire]
 97393 | Zot:5    | Gained mutation: You are very weak. (Str -4) [an orb of fire]
 97447 | Zot:5    | Noticed an ancient lich
 97451 | Zot:5    | Killed an ancient lich
 97741 | Zot:5    | Noticed an orb of fire
 97942 | Zot:5    | Gained mutation: You sometimes yell uncontrollably at your foes. [an orb of fire]
 98296 | Zot:5    | Killed an orb of fire
 98322 | Zot:5    | Got the Orb of Zot
 98337 | Zot:5    | Gained mutation: You are frail. (-10% HP) [an orb of fire]
 98343 | Zot:5    | Killed from afar by an orb of fire
 98344 | Zot:5    | Reached XP level 23. HP: -3/104 MP: 10/36
 98827 | D:10     | Noticed Ekiagymy the pandemonium lord
 98870 | D:8      | Noticed a seraph
 99019 | D:5      | Noticed a seraph
 99119 | D:$      | Escaped with the Orb!

Vault maps used:
D:1:      saegor_arrival_simple_f, minmay_strange_pillars
D:2:      yredelemnul_altar_generic
D:3:      lemuel_round_altar, xom_teletrap_fun
D:4:      first_bread, hex_medium
D:5:      lemuel_crystal_altar
D:6:      nicolae_overflow_crystal_walls, nrook_pool_corridor,
          cheibrodos_ashenzari_chains
D:7:      serial_shops, shop, shop
D:8:      erik_lair_orcish_takeover, the_bakery
D:9:      nooodl_food_tri, uniq_erica
D:11:     minmay_smoke_and_mirrors, orc_0_dummy, lab_entry_generic
D:14:     david_vaults_5, portal_ice_cave_entry_pillars_2,
          fedhas_bush_and_centaur_altar, uniq_sonja, uniq_frances
D:15:     hangedman_depths_entry_civil_slaughter, minmay_misc_feat_plants,
          serial_shops, shop, ice2_lemuel, uniq_azrael
Temple:   lightli_temple_of_artemis
Lair:1:   lemuel_fruit_fields
Lair:2:   beast_lair_carwin_9, uniq_gastronok
Lair:3:   minmay_snake_entry_guardpost_small, special_room, serial_bayou_pond_b,
          uniq_fannar
Lair:4:   swamp_mist_pool, zaba_antful_of_joy
Lair:5:   grunt_megastairs_1, serial_bayou_shore_a
Lair:6:   grunt_lair_end_beastmaster, slime_altar_1
Swamp:1:  evilmike_swamp_ruin_house_4, swamp_pool5
Swamp:2:  evilmike_swamp_ruin_house_6
Swamp:3:  nicolae_swamp_trees_clearing, swamp_pool4
Swamp:4:  swamp_alternative
Snake:1:  serial_shops, shop, basic_altar, st_stairs_11
Snake:2:  serial_shops, shop, nrook_guardian_serpent_double
Snake:3:  serial_shops, nicolae_shop_overgrown_old_shop
Snake:4:  minmay_snake_end_coiled, uniq_bai_suzhen
Orc:1:    serial_shops, shop, shop_fountains, shop_fountains
Orc:2:    st_orc_rangers
Elf:1:    hangedman_elf_represent, grunt_megastairs_3
Elf:2:    minmay_misc_feat_cross, grunt_ministairs_7,
          fake_guardian_serpent_vault, basic_stair_grate_trap, uniq_agnes,
          uniq_aizul
Elf:3:    nooodl_elf_gasket
Vaults:1: ontoclasm_vaults_gateway, nicolae_vaults_meeting, v_alt_pattern_3,
          nicolae_vaults_asterisk, hangedman_vaults_snaps,
          nicolae_vaults_little_squares_1, ontoclasm_vaults_fault,
          grunt_vaults_swirl, vaults_room_corners, ontoclasm_vaults_misaligned,
          v_pattern_5, nicolae_vaults_three_branches, v_alt_pattern_1,
          ontoclasm_vaults_idyll, v_misc_24, vaults_room_fours, serial_shops,
          nicolae_shop_trees
Vaults:2: nicolae_vaults_little_squares_3, vaults_mumra_lcd, v_misc_24,
          ontoclasm_vaults_misaligned, blue_anna_dwarven_crypt,
          ontoclasm_vaults_chip, v_rooms_3, nicolae_vaults_network_quincunx,
          v_alt_pattern_2, dpeg_vaults_monster_box, v_pattern_3,
          vaults_dpeg_hooks, serial_shops, shop
Vaults:3: grunt_vaults_bifocal, hangedman_vaults_impose, st_greater_box_5,
          dpeg_vaults_monster_row, nicolae_vaults_specimen_jars,
          vaults_room_grid, uniq_mara
Vaults:4: v_misc_27, vaults_dpeg_doors, nicolae_vaults_disjoint_gnomons,
          v_rooms_4, vaults_dpeg_spiral, v_pattern_1, hangedman_vaults_slice,
          v_rooms_6, hangedman_vaults_corner_blocks, nicolae_vaults_rhombus_7,
          nicolae_vaults_shelves_hall, serial_ice_h,
          nicolae_vaults_diagonal_hallway_7,
          hangedman_vaults_stretched_pinwheel, serial_shops, shop, uniq_jory
Depths:1: serial_shops, nicolae_shop_window_shopping, hell_entry,
          dk_noncrumbling_3, serial_sigils_hangedman_carve,
          lightli_fourway_metalbox
Depths:2: hangedman_crystal_crosses_colossus, hell_entry
Depths:3: minmay_heptahexagon, abyss_entry, rand_demon_pan_entry_7,
          serial_co_window_serial, co_window_paths_b, co_window_paths_a,
          co_window_of_opportunity_a, co_window_paths_a, co_window_corner_a,
          co_window_broadway_a, co_window_unsneaky_path_e,
          co_window_unsneaky_path_e, glass_columns_a, glass_columns_b,
          glass_columns_a, glass_columns_c, glass_columns_c,
          minmay_tree_intersection, hell_entry, uniq_nikola
Depths:4: minmay_broken_ring, enter_ziggurat_e, hangedman_decor_push,
          hell_entry, abyss_entry, serial_shops, statue_bzr,
          infiniplex_staircase_spiral_double, minmay_shop_star, uniq_mennas
Depths:5: grunt_zot_entry_hairpin, hell_entry, st_stairs_14
Zot:2:    nicolae_zot_draconian_monastery
Zot:3:    grunt_megastairs_2
Zot:4:    lemuel_firehouse, grunt_ministairs_4
Abyss:2:  hangedman_abyss_monster_moat, serial_sigils_hangedman_gut,
          evilmike_abyss_exit_glass
Abyss:3:  evilmike_abyss_exit_chaos, minivault_27, hangedman_shadowy_showcase,
          guppyfry_abyss_exit_glass_guarded, hangedman_abyss_or_decor_stagger
Lab:      nicolae_lab_dead_adventurers
IceCv:    ice_cave_statue_garden_chambered

Skill      XL: |  1  2  3  4  5  6  7  8  9 10 11 12 13 14 15 16 17 18 19 20 21 22 23 24 |
---------------+-------------------------------------------------------------------------+-----
Stealth        | 2 3 4 7 6 8 10 12 13 14 15 16 17 19 20 21 22 23 27 | 27.0
Charms         | 1 2 4 5 7 9 |  9.0
Fighting       | 3 4 5 6 8 9 10 11 12 13 14 15 18 19 | 19.4
Unarmed Combat | 3 4 5 6 8 9 10 11 12 13 14 15 16 | 16.3
Invocations    | 1 3 5 7 8 9 10 11 12 13 14 | 14.2
Evocations     | 1 2 7 8 9 10 11 12 13 14 | 14.0
Dodging        | 7 8 10 11 12 13 14 15 16 17 18 21 23 | 23.3
Spellcasting   | 4 5 7 8 |  8.1
Hexes          | 9 10 15 16 17 18 | 18.0
Translocations | 7 9 14 | 14.6
Necromancy     | 3 |  3.0
Air Magic      | 2 3 4 |  4.3
Transmutations | 5 6 |  6.0
Summonings     | 5 |  5.2

Action                   |  1- 3 |  4- 6 |  7- 9 | 10-12 | 13-15 | 16-18 | 19-21 | 22-24 || total
-------------------------+-------+-------+-------+-------+-------+-------+-------+-------++-------
Melee: Unarmed           |   228 |   329 |   522 |   507 |  1901 |   728 |  1021 |   988 ||  6224
       Bite              |    12 |    21 |    44 |    51 |   230 |    74 |   109 |   101 ||   642
       Punch             |     3 |     6 |    17 |    26 |   116 |    42 |    64 |    61 ||   335
       Headbutt          |       |       |       |       |    43 |   101 |   189 |   186 ||   519
 Cast: Shroud of Golubri |    30 |    48 |    64 |    40 |    39 |    12 |    39 |    27 ||   299
       Blink             |     7 |     3 |    15 |     5 |    20 |     8 |     3 |    15 ||    76
       Teleport Other    |       |    14 |    24 |    27 |       |       |       |       ||    65
       Sandblast         |       |       |    81 |    11 |       |       |       |       ||    92
       Passwall          |       |       |    14 |    10 |    13 |       |     9 |    42 ||    88
       Animate Skeleton  |       |       |     7 |    71 |    90 |    86 |    57 |    58 ||   369
       Repel Missiles    |       |       |       |     2 |     7 |     3 |     4 |     6 ||    22
       Confusing Touch   |       |       |       |       |   262 |    59 |    88 |    69 ||   478
       Confuse           |       |       |       |       |   232 |   103 |   124 |   193 ||   652
       Gell's Gravitas   |       |       |       |       |   127 |    86 |    85 |   199 ||   497
       Yara's Violent Un |       |       |       |       |    11 |    17 |     8 |     7 ||    43
       Summon Forest     |       |       |       |       |    15 |     5 |       |     9 ||    29
       Invisibility      |       |       |       |       |       |    34 |    31 |    31 ||    96
       Silence           |       |       |       |       |       |       |    27 |     5 ||    32
       Apportation       |       |       |       |       |       |       |       |     5 ||     5
       Passage of Golubr |       |       |       |       |       |       |       |     1 ||     1
       Metabolic Englaci |       |       |       |       |       |       |       |     1 ||     1
       Darkness          |       |       |       |       |       |       |       |     2 ||     2
Invok: Stomp             |       |       |     2 |       |       |       |       |       ||     2
       Line Pass         |       |       |     7 |     3 |       |     2 |     2 |    24 ||    38
       Grand Finale      |       |       |       |       |       |     1 |       |     3 ||     4
 Abil: Evoke Flight      |       |       |       |       |       |     1 |       |       ||     1
       Evoke Berserk Rag |       |       |       |       |       |       |       |     2 ||     2
Evoke: Wand              |       |     5 |    19 |    36 |    95 |    18 |    16 |    38 ||   227
       Fan of gales      |       |       |       |       |     3 |       |     1 |     3 ||     7
       Phantom mirror    |       |       |       |       |     1 |     1 |     1 |       ||     3
       Lightning rod     |       |       |       |       |       |     4 |    16 |     8 ||    28
       Box of beasts     |       |       |       |       |       |       |     3 |    10 ||    13
       Phial of floods   |       |       |       |       |       |       |     8 |     8 ||    16
       Sack of spiders   |       |       |       |       |       |       |       |    12 ||    12
       Lamp of fire      |       |       |       |       |       |       |       |     5 ||     5
       Crystal ball of e |       |       |       |       |       |       |       |    34 ||    34
  Use: Scroll            |     3 |     3 |    10 |    17 |    32 |    21 |    14 |    29 ||   129
       Potion            |     2 |     1 |     3 |     1 |    14 |     7 |     4 |    52 ||    84
 Stab: Distracted        |     1 |       |     1 |     9 |     1 |     1 |     1 |    13 ||    27
       Sleeping          |     5 |    10 |    32 |    37 |    40 |    82 |    58 |    91 ||   355
       Paralysed         |       |       |     9 |    20 |    51 |    48 |    45 |    43 ||   216
       Confused          |       |       |     3 |     7 |   278 |    68 |   105 |   143 ||   604
       Petrified         |       |       |       |    11 |       |       |       |       ||    11
       Invisible         |       |       |       |       |     3 |    69 |    75 |    52 ||   199
  Eat: Chunk             |    17 |    15 |    35 |    39 |    74 |    63 |    52 |    47 ||   342
       Meat ration       |       |       |     1 |       |       |       |     2 |     5 ||     8
Armor: Skin              |     9 |    11 |    21 |    15 |    38 |     3 |    10 |    63 ||   170
Dodge: Dodged            |   194 |   241 |   428 |   384 |  1372 |   484 |   665 |   991 ||  4759
       Deflected         |       |       |       |     2 |    26 |    13 |    16 |    37 ||    94
Block: Other             |       |       |       |       |    24 |       |       |       ||    24
       Reflection        |       |       |       |       |     6 |       |       |       ||     6
